 Dungeon Crawl Stone Soup version 0.29.1-4-g47bece8355 (webtiles) character file.

Game seed: 10264721841721107590

449 hawla the Conjurer (level 7, -3/51 HPs)
             Began as a Meteoran Ice Elementalist on Dec 10, 2022.
             Slain by an elf zombie (7 damage)
             ... in an ossuary.
             The game lasted 00:10:18 (1360 turns).

hawla the Conjurer (Meteoran Ice Elementalist)      Turns: 1360, Time: 00:10:19

Health: -3/51      AC:  2    Str:  8    XL:     7   Next: 50%
Magic:  20/22      EV: 13    Int: 18    God:
Gold:   93         SH:  0    Dex: 19    Spells: 5/13 levels left

rFire   . . .      SeeInvis .   (no weapon)
rCold   + . .      Faith    .   (no shield)
rNeg    . . .      Spirit   .   a - +0 robe
rPois   .          Reflect  .   (helmet restricted)
rElec   .          Harm     .   (no cloak)
rCorr   .          Rampage  .   (no gloves)
Will    .....                   (no boots)
Stlth   +.........              (no amulet)
HPRegen 0.17/turn               e - ring of magical power
MPRegen 0.18/turn               f - +4 ring of slaying

@: glowing
A: sense surroundings 1, otherworldly, glowing, explore regen, antennae 1, agile
1, cold resistance 1
a: no special abilities


You were in an ossuary.
You visited 1 branch of the dungeon, and saw 5 of its levels.
You also visited: Ossuary.

You collected 93 gold pieces.

Inventory:

Armour
 a - a +0 robe (worn)
Jewellery
 e - a ring of magical power (left hand)
 f - a +4 ring of slaying (right hand)
Wands
 c - a wand of mindburst (13)
Potions
 b - a potion of magic
 g - a potion of attraction


   Skills:
 * Level 0.3 Fighting
 + Level 2.7 Dodging
 - Level 1.4 Stealth
 - Level 3.9 Spellcasting
 * Level 6.2 Conjurations
 + Level 6.0 Ice Magic


You had 5 spell levels left.
You knew the following spells:

 Your Spells              Type           Power      Damage    Failure   Level
a - Freeze                Ice            100%       1d11      1%          1
b - Frozen Ramparts       Ice            50%        1d8       3%          3
c - Hailstorm             Conj/Ice       25%        3d7       12%         4

Your spell library contained the following spells:

 Spells                   Type           Power      Damage    Failure   Level
 Magic Dart               Conj           100%       1d8       1%          1
 Ozocubu's Armour         Ice            25%        N/A       3%          3
 Mephitic Cloud           Conj/Pois/Air  11%        N/A       19%         3
 Call Imp                 Summ           3%         N/A       22%         2


Dungeon Overview and Level Annotations

Branches:
Dungeon (5/15) Zot: 1786  Ossuary (1/1) Zot: 466
 Temple: D:4-7

Altars:
Cheibriados
Hepliaklqana
Uskayaw

Annotations:
D:5 Grinder


Innate Abilities, Weirdness & Mutations

You passively map a small area around you.
You are easily found by Zot.
You glow in the dark.
You regain HP and MP as you explore.
You have a pair of small antennae on your head.
You are agile. (Dex +4, Str/Int -1)
Your flesh is cold resistant. (rC+)


Message History

* * * LOW HITPOINT WARNING * * *
A human zombie, a mummy and an elf zombie come into view.
There is an open door here.
A human zombie and an elf zombie come into view.
Casting: Frozen Ramparts (dangerous; 3% risk of failure)
Confirm with . or Enter, or press ? or * to list all spells.
The spell is quite dangerous to miscast (12% risk of failure)!
Continue anyway?
Casting: Hailstorm (quite dangerous; 12% risk of failure)
Press: ? - help, Dir - look around, f - activate A cannonade of hail descends around you!
The hail pelts the elf zombie!
The elf zombie partially resists.
The elf zombie is almost destroyed.
The hail pelts the mummy.
The mummy partially resists.
The mummy is moderately damaged.
The hail pelts the human zombie!
The human zombie partially resists.
The human zombie is moderately damaged.
The hail pelts the elf zombie!
The elf zombie partially resists.
The elf zombie is lightly damaged.
The hail pelts the human zombie!
The human zombie partially resists.
The human zombie is moderately damaged.
The hail pelts the elf zombie!
The elf zombie partially resists.
The elf zombie is lightly damaged.
The hail pelts the human zombie!
The human zombie partially resists.
The human zombie is lightly damaged.
Unknown command.
Casting: Hailstorm (quite dangerous; 12% risk of failure)
Confirm with . or Enter, or press ? or * to list all spells.
Okay, then.
You aren't carrying any scrolls.
The elf zombie barely misses you. The human zombie hits you.
* * * LOW HITPOINT WARNING * * *
The elf zombie barely misses you. The human zombie misses you.
The mummy closely misses you. The human zombie hits you.
* * * LOW HITPOINT WARNING * * *
The mummy hits you.
* * * LOW HITPOINT WARNING * * *
The elf zombie misses you. The elf zombie closely misses you.
The elf zombie hits you!
You die...

#'# ###.### ##### *
##.....## ##...## ,
#.......# #.....#
##...∩...###.Z...##
+...∩∩∩...'...ZZ..#
##...∩...###ZZ.M.##
* #.......# #ZZZ..#
##.....## ##@..## *
###.### ##### #+#
*,* , , ,


You could see a mummy, 4 elf zombies, a centaur zombie and 3 human zombies.

Vanquished Creatures
  An elf skeleton (D:5)
  2 scorpions (D:4)
  A jelly (D:5)
  A hound (D:5)
  An iguana (D:4)
  2 orc wizards (D:4)
  A mummy (Ossuary)
  Robin (D:4)
  6 adders (D:4)
  2 worms (D:4)
  A dart slug (D:2)
  3 orcs (D:4)
  5 ball pythons
  2 bats (D:1)
  3 endoplasms
  A giant cockroach (D:1)
  12 hobgoblins
  2 kobolds
  A quokka (D:2)
  8 goblins (D:4)
  An orc zombie (D:5)
  A rat (D:2)
58 creatures vanquished.

Vanquished Creatures (others)
  5 plants (D:4)
5 creatures vanquished.

Grand Total: 63 creatures vanquished

Notes
Turn   | Place    | Note
-------+----------+-------------------------------------------
     0 | D:1      | hawla the Meteoran Ice Elementalist began the quest for the
                  | Orb.
     0 | D:1      | Reached XP level 1. HP: 14/14 MP: 5/5
   109 | D:1      | Reached XP level 2. HP: 20/20 MP: 4/6
   168 | D:2      | Reached skill level 5 in Ice Magic
   206 | D:2      | Reached XP level 3. HP: 21/26 MP: 4/8
   270 | D:3      | Learned a level 3 spell: Frozen Ramparts
   290 | D:4      | Noticed a scorpion
   293 | D:4      | Killed a scorpion
   294 | D:4      | Reached XP level 4. HP: 34/34 MP: 10/10
   299 | D:4      | Learned a level 4 spell: Hailstorm
   308 | D:4      | Reached XP level 5. HP: 39/39 MP: 11/11
   376 | D:4      | Reached XP level 6. HP: 25/46 MP: 12/12
   399 | D:4      | Found a hide-covered altar of Uskayaw.
   479 | D:4      | Noticed Robin
   486 | D:4      | Killed Robin
   638 | D:4      | Found a hazy altar of Hepliaklqana.
   669 | D:4      | Reached skill level 5 in Conjurations
   669 | D:4      | Reached XP level 7. HP: 21/51 MP: 13/13
   675 | D:4      | Gained mutation: You are agile. (Dex +4, Str/Int -1)
                  | [potion of mutation]
   675 | D:4      | Gained mutation: Your flesh is cold resistant. (rC+)
                  | [potion of mutation]
   675 | D:4      | Gained mutation: You have a pair of small antennae on your
                  | head. [potion of mutation]
   784 | D:5      | Entered Level 5 of the Dungeon
   834 | D:5      | Found a snail-covered altar of Cheibriados.
  1099 | D:5      | Noticed Grinder
  1118 | D:5      | HP: 2/51 [Grinder (4)]
  1152 | D:5      | Paralysed by Grinder for 4 turns
  1189 | D:5      | Found a sand-covered staircase.
  1227 | Ossuary  | Entered an ossuary
  1360 | Ossuary  | Slain by an elf zombie

Illustrated notes

Levels and vault maps discovered:
D:1:      amcnicky_arrival_wind_blow, layout_loops_ring, minmay_tromino_v4_b
D:2:      layout_basic, dilly_ecumenical_altar_fadedgnrine, minmay_tripent
D:3:      cheibrodos_thug_alley, layout_loops_ring,
          mainiacjoe_overflow_concentric_impassable, serial_shops,
          nicolae_shop_advertising_works [nicolae_subvault_shop_adworks],
          uniq_sigmund, uniq_terence
D:4:      layout_basic, mainiacjoe_overflow_paths,
          nicolae_hepliaklqana_hazy_memory, uniq_robin
D:5:      cheibrodos_two_vegetables, layout_loops_corners, lemuel_tele_altar,
          temple_hall, nicolae_ossuary_entry_catacombs, uniq_menkaure,
          uniq_grinder
Ossuary:  ossuary_minmay_four_chambers

Skill      XL: |  1  2  3  4  5  6  7 |
---------------+----------------------+-----
Ice Magic      | 5 6 |  6.0
Spellcasting   | 3 |  3.9
Conjurations   | 2 5 6 |  6.2
Fighting       | |  0.3
Dodging        | |  2.7
Stealth        | |  1.4

Action                   |  1- 3 |  4- 6 |  7- 9 || total
-------------------------+-------+-------+-------++-------
Melee: Unarmed           |     4 |    12 |    87 ||   103
 Cast: Freeze            |    28 |    23 |    18 ||    69
       Frozen Ramparts   |     1 |    13 |     8 ||    22
       Hailstorm         |       |     2 |     1 ||     3
Evoke: Wand              |       |       |     4 ||     4
  Use: Scroll            |     2 |       |     9 ||    11
       Potion            |       |       |     6 ||     6
Armor: Robe              |    10 |     6 |    14 ||    30
Dodge: Dodged            |    22 |    16 |    46 ||    84
